 Dungeon Crawl Stone Soup version 0.29-a0-270-g1586fc07ea (webtiles) character file.

Game seed: 12600447100515207915

2106 enile the Fighter (level 9, -5/81 HPs)
             Began as a Hill Orc Monk on Mar 8, 2022.
             Was a Follower of Lugonu.
             Slain by an orc knight
             ... wielding a +2 vorpal great mace
             ... created by the wrath of Beogh
              (20 damage)
             ... on level 7 of the Dungeon.
             The game lasted 00:15:39 (7620 turns).

enile the Fighter (Hill Orc Monk)                   Turns: 7620, Time: 00:15:40

Health: -5/81      AC: 14    Str: 18    XL:     9   Next: 28%
Magic:  14/14      EV: 11    Int: 10    God:    Lugonu [*.....]
Gold:   353        SH:  5    Dex: 13    Spells: 8/8 levels left

rFire   . . .      SeeInvis .   u - +0 war axe
rCold   . . .      Faith    .   k - +0 buckler
rNeg    . . .      Spirit   .   h - +0 troll leather armour {Pargi}
rPois   .          Reflect  .   (no helmet)
rElec   .          Harm     .   j - +2 cloak
rCorr   .          Rampage  .   (no gloves)
Will    .....                   (no boots)
Stlth   ++........              r - amulet of regeneration
HPRegen 1.83/turn               m - +4 ring of protection
MPRegen 0.14/turn               (no ring)

@: no status effects
A: talons 1, iridescent scales 1
a: Renounce Religion, Convert to Beogh, Depart the Abyss


You were on level 7 of the Dungeon.
You worshipped Lugonu.
Lugonu was aware of your devotion.
You visited 1 branch of the dungeon, and saw 7 of its levels.
You visited the Abyss 1 time.
You also visited: Sewer.

You collected 353 gold pieces.

Inventory:

Hand Weapons
 a - a +0 hand axe
 p - a +2 vorpal hand axe
 u - a +0 war axe (weapon)
 v - a +4 battleaxe
Missiles
 l - 15 poisoned darts (quivered)
 t - 2 curare-tipped darts
Armour
 b - a +0 robe
 f - a +0 chain mail
 h - a +0 troll leather armour (worn) {Pargi}
 j - a +2 cloak (worn)
 k - a +0 buckler (worn)
 o - +0 steam dragon scales
Jewellery
 m - a +4 ring of protection (left hand)
 r - an amulet of regeneration (around neck)
Wands
 n - a wand of mindburst (16)
Scrolls
 c - a scroll of blinking
 e - 2 scrolls of vulnerability
 g - 3 scrolls of amnesia
 s - 2 scrolls of teleportation
Potions
 d - a potion of cancellation
 i - a potion of ambrosia
 q - 2 potions of haste


   Skills:
 - Level 8.0 Fighting
 - Level 4.0 Axes
 - Level 5.0 Armour
 - Level 2.4 Dodging
 - Level 1.5 Stealth
 + Level 4.3 Shields
 - Level 7.0 Invocations
 - Level 6.0 Evocations


You had 8 spell levels left.
You didn't know any spells.
Your spell library contained the following spells:

 Spells                   Type           Power      Damage    Failure   Level
 Freeze                   Ice            0%         1d3       52%         1
 Magic Dart               Conj           0%         1d3       52%         1
 Sandblast                Erth           0%         2d4       52%         1
 Blink                    Tloc           0%         N/A       65%         2
 Ensorcelled Hibernation  Hex/Ice        0%         N/A       65%         2
 Passwall                 Tmut/Erth      0%         N/A       65%         2
 Searing Ray              Conj           0%         2d4       65%         2
 Conjure Flame            Conj/Fire      0%         6-21      87%         3
 Frozen Ramparts          Ice            0%         1d2       87%         3
 Gell's Gravitas          Tloc           0%         N/A       87%         3
 Ignite Poison            Fire/Tmut/Pois 0%         N/A       87%         3
 Lesser Beckoning         Tloc           0%         N/A       87%         3
 Stone Arrow              Conj/Erth      0%         3d7       87%         3
 Swiftness                Air            0%         N/A       87%         3
 Teleport Other           Tloc           0%         N/A       87%         3
 Fulminant Prism          Conj/Hex       0%         3d6       99%         4
 Hailstorm                Conj/Ice       0%         3d3       99%         4
 Sticky Flame             Conj/Fire      0%         2d3       99%         4
 Manifold Assault         Tloc           0%         N/A       100%        5
 Dispersal                Tloc           0%         N/A       100%        6
 Disjunction              Tloc           0%         N/A       100%        8


Dungeon Overview and Level Annotations

Branches:
Dungeon (7/15)             Temple (0/1) D:7           Sewer (visited)

Altars:
Fedhas
Kikubaaqudgha
Makhleb

Shops:
D:4 =

Annotations:
D:3 bande's ghost, weakling GrFi


Innate Abilities, Weirdness & Mutations

You have sharp toenails.
You are partially covered in iridescent scales. (AC +2)


Message History

You hit the orc knight but do no damage.
The orc priest shouts, "Join the one true god or die!"
You block the orc's attack.
The orc warrior hits you with a +0 scimitar.
The orc barely misses you.
The orc priest shouts, "Beogh is our master!
Accept the truth or die!"
You hit the orc.
You kill the orc!
Lugonu accepts your kill.
You hit the orc warrior but do no damage.
You hit the orc knight but do no damage.
The orc knight barely misses you. The orc warrior barely misses you.
The orc priest mumbles some strange prayers to Beogh against you.
Beogh smites you!
The orc knight hits you with a +2 vorpal great mace!
You block the orc warrior's attack.
You slice the orc priest!!
You kill the orc priest!
Lugonu accepts your kill.
You hit the orc warrior but do no damage.
You hit the orc knight but do no damage.
The orc priest looks braver for a moment.
The orc knight hits you with a +2 vorpal great mace!!
The orc warrior hits you with a +0 scimitar.
You hit the orc. You claw the orc, but do no damage.
The orc is severely wounded.
You barely miss the orc warrior. You closely miss the orc knight.
The orc hits you but does no damage.
The orc knight hits you with a +2 vorpal great mace!
* * * LOW HITPOINT WARNING * * *
x2 The orc warrior hits you with a +0 scimitar.
* * * LOW HITPOINT WARNING * * *
The orc barely misses you.
You barely miss the orc. You claw the orc.
You kill the orc!
Lugonu accepts your kill.
You closely miss the orc warrior.
You hit the orc knight but do no damage.
The orc knight hits you with a +2 vorpal great mace!!
You die...

###### #...#.
#.... #...#
... .. #)# .#
#@##.# #oo#.#
##o#.# #o#.#
#.####o#.#
#........#
#######.###
#........###
#.###.......+


You could see an orc knight, an orc sorcerer, 2 orc warriors and an orc priest.

Vanquished Creatures
  2 steam dragons (D:6)
  An ice beast (D:6)
  Pargi (Sewer)
  2 ogres (D:5)
  A phantom (D:7)
  2 kobold brigands
  2 scorpions (D:6)
  5 wights (D:7)
  A crimson imp (D:6)
  A hound (D:5)
  5 jellies
  5 orc priests
  A gnoll shaman (D:6)
  6 iguanas
  5 orc wizards
  3 gnolls (D:6)
  7 adders
  A shadow imp (D:6)
  A white imp (D:5)
  4 worms
  2 dart slugs
  16 orcs
  5 endoplasms
  A giant cockroach (D:1)
  3 hobgoblins
  6 jackals
  20 kobolds
  6 quokkas
  8 ball pythons
  6 bats
  5 frilled lizards
  3 goblins
  10 rats
147 creatures vanquished.

Vanquished Creatures (others)
  An orc priest (D:3)
  3 orcs (D:3)
  A kobold (D:3)
  A rat (D:3)
6 creatures vanquished.

Grand Total: 153 creatures vanquished

Notes
Turn   | Place    | Note
-------+----------+-------------------------------------------
     0 | D:1      | enile the Hill Orc Monk began the quest for the Orb.
     0 | D:1      | Reached XP level 1. HP: 19/19 MP: 1/1
   172 | D:1      | Reached skill level 4 in Fighting
   241 | D:1      | Reached XP level 2. HP: 26/27 MP: 2/2
   743 | D:1      | Reached XP level 3. HP: 27/35 MP: 3/3
  1000 | D:1      | Reached skill level 5 in Fighting
  2377 | D:2      | Reached XP level 4. HP: 44/44 MP: 4/4
  2688 | D:3      | Reached skill level 6 in Fighting
  3094 | D:3      | Noticed bande's ghost (weakling GrFi)
  3095 | D:3      | Found a runed translucent gate.
  3114 | D:3      | Reached skill level 1 in Armour
  3269 | D:3      | Found a runed translucent gate.
  3306 | D:3      | Found a runed translucent gate.
  3434 | D:3      | Became a worshipper of Beogh the Brigand
  3434 | D:3      | Reached * piety under Beogh
  3434 | D:3      | Reached ** piety under Beogh
  3604 | D:3      | Found a faded altar of an unknown god.
  3806 | D:3      | Reached XP level 5. HP: 33/50 MP: 5/5
  4375 | D:4      | Found Otut Cas's Jewellery Shop.
  4376 | D:4      | Noticed an ogre
  4438 | D:4      | You fall into a shaft and drop 1 floor!
  4438 | D:5      | Entered Level 5 of the Dungeon
  4448 | D:5      | Noticed an ogre
  4454 | D:5      | Found an ancient bone altar of Kikubaaqudgha.
  4455 | D:5      | Gained mutation: You sometimes lose the ability to read
                  | scrolls when taking damage. [potion of mutation]
  4456 | D:5      | Lost mutation: You sometimes lose the ability to read
                  | scrolls when taking damage. [potion of mutation]
  4456 | D:5      | Gained mutation: You have sharp toenails. [potion of
                  | mutation]
  4456 | D:5      | Gained mutation: You are partially covered in iridescent
                  | scales. (AC +2) [potion of mutation]
  4485 | D:5      | Killed an ogre
  4486 | D:5      | Reached skill level 1 in Shields
  4486 | D:5      | Reached XP level 6. HP: 22/57 MP: 6/6
  4671 | D:5      | Reached skill level 1 in Invocations
  4702 | D:5      | Found a glowing drain.
  4707 | D:5      | Reached XP level 7. HP: 22/63 MP: 4/9
  4735 | Sewer    | Entered a sewer
  5062 | Sewer    | Noticed Pargi
  5089 | Sewer    | Killed Pargi
  5090 | Sewer    | Reached skill level 5 in Invocations
  5650 | D:5      | Reached skill level 5 in Armour
  5784 | D:6      | Noticed a steam dragon
  5989 | D:6      | Killed a steam dragon
  5990 | D:6      | Reached skill level 7 in Fighting
  6095 | D:6      | Reached XP level 8. HP: 72/73 MP: 11/11
  6214 | D:6      | Reached skill level 8 in Fighting
  6386 | D:6      | Reached skill level 1 in Evocations
  6672 | D:6      | Found a burning altar of Makhleb.
  6908 | D:7      | Reached skill level 5 in Evocations
  6908 | D:7      | Reached XP level 9. HP: 77/81 MP: 14/14
  7007 | D:7      | Cast into level 1 of the Abyss (orc wizard)
  7013 | Abyss:1  | Found a corrupted altar of Lugonu.
  7021 | Abyss:1  | Fell from the grace of Beogh
  7021 | Abyss:1  | Became a worshipper of Lugonu the Unformed
  7021 | Abyss:1  | Reached * piety under Lugonu
  7046 | Abyss:1  | Noticed a starcursed mass
  7063 | Abyss:1  | Noticed a wretched star
  7141 | Abyss:2  | Noticed an ancient zyme
  7169 | Abyss:2  | Noticed a rust devil
  7195 | Abyss:5  | Entered Level 5 of the Abyss
  7221 | Abyss:5  | Noticed a spatial maelstrom
  7231 | Abyss:5  | Noticed a hellion
  7238 | Abyss:5  | Noticed a rakshasa
  7241 | D:7      | Escaped the Abyss
  7455 | D:7      | Found a staircase to the Ecumenical Temple.
  7524 | D:7      | Found a blossoming altar of Fedhas.
  7614 | D:7      | Noticed an orc knight
  7614 | D:7      | Noticed a troll
  7614 | D:7      | Noticed an orc sorcerer
  7620 | D:7      | Slain by an orc knight

Illustrated notes

Levels and vault maps discovered:
D:1:      nzn_arrival_crosshair, layout_basic, serial_aquarium,
          aquarium_bridge_square [aquarium_subvault_bridge,
          aquarium_subvault_wall, aquarium_subvault_bridge,
          aquarium_subvault_wall], aquarium_window_1, aquarium_window_fake,
          aquarium_window_fake, aquarium_window_2, aquarium_view_2e,
          fountainhead
D:2:      layout_basic
D:3:      layout_rooms, gammafunk_ghost_split,
          shapermc_ecumenical_altar_hornbeckon
D:4:      layout_basic, serial_shops, shop, shop, nicolae_shop_trees,
          nicolae_shop_advertising_works [nicolae_subvault_shop_adworks]
D:5:      layout_basic, nicolae_kikubaaqudgha_miasma_corner,
          portal_sewer_entry_e, fountainhead
D:6:      layout_basic, makhleb_grotto_becter, lemuel_old_faithful
D:7:      layout_loops_corners, fedhas_ov_isle_minmay,
          minmay_temple_entry_purple_smoke

Skill      XL: |  1  2  3  4  5  6  7  8  9 |
---------------+----------------------------+-----
Fighting       | 4 5 6 7 8 |  8.0
Armour         | 2 4 5 |  5.0
Shields        | 1 3 4 |  4.3
Invocations    | 3 5 7 |  7.0
Evocations     | 5 6 |  6.0
Axes           | |  4.0
Dodging        | |  2.4
Stealth        | |  1.5

Action                   |  1- 3 |  4- 6 |  7- 9 || total
-------------------------+-------+-------+-------++-------
Melee: Hand axe          |   186 |   146 |   180 ||   512
       Punch             |     2 |       |       ||     2
       Kick              |       |     5 |    83 ||    88
       War axe           |       |       |    74 ||    74
Throw: Dart              |       |       |     6 ||     6
Invok: Convert to Beogh  |       |     1 |       ||     1
       Smiting           |       |     2 |     5 ||     7
       Depart the Abyss  |       |       |     1 ||     1
  Use: Potion            |     1 |     5 |     2 ||     8
       Scroll            |       |     8 |     5 ||    13
 Stab: Invisible         |       |       |     4 ||     4
       Sleeping          |       |       |     4 ||     4
Armor: Chain mail        |   126 |    84 |    20 ||   230
       Robe              |     2 |       |       ||     2
       Skin              |       |    15 |       ||    15
       Troll leather arm |       |       |   123 ||   123
Dodge: Dodged            |    70 |    51 |    96 ||   217
Block: Buckler           |       |    38 |    64 ||   102

Table legend: (Time is in decaauts)
 A = Elapsed time spent in this place.
 B = Non-inter-level travel time spent in this place.
 C = Inter-level travel time spent in this place.
 D = Time resting spent in this place.
 E = Time spent auto-exploring this place.
 F = Levels seen in this place.
 G = Mean time per level.
                   A        B        C        D        E       F      G
               +--------+--------+--------+--------+--------+-----+--------+
         Total |   7703 |   7465 |    238 |    894 |   4602 |  13 |  592.5 |
       Dungeon |   6940 |   6702 |    238 |    822 |   4159 |   7 |  991.4 |
         Abyss |    233 |    233 |      0 |     72 |     11 |   5 |   46.6 |
         Sewer |    529 |    529 |      0 |      0 |    432 |   1 |  529.0 |
               +--------+--------+--------+--------+--------+-----+--------+

Top non-repeatable levels by time:
     D:2: 1837 daAuts
     D:3: 1341 daAuts
     D:1: 1158 daAuts
     D:6: 968 daAuts
     D:5: 943 daAuts
     D:7: 553 daAuts
   Sewer: 529 daAuts
     D:4: 138 daAuts
 Abyss:2: 104 daAuts
 Abyss:1: 62 daAuts
 Abyss:5: 45 daAuts
 Abyss:3: 16 daAuts
 Abyss:4: 3 daAuts
